 Dungeon Crawl Stone Soup version 0.30-a0-223-gcb0039aa0c (webtiles) character file.

Game seed: 3458182762619558098

25 Schnaeble the Poker (level 2, 0/25 HPs)
             Began as a Minotaur Gladiator on Oct 9, 2022.
             Slain by a hobgoblin (4 damage)
             ... on level 1 of the Dungeon.
             The game lasted 00:01:03 (217 turns).

Schnaeble the Poker (Minotaur Gladiator)             Turns: 217, Time: 00:01:04

Health: 0/25       AC:  3    Str: 18    XL:     2   Next: 86%
Magic:  1/1        EV: 12    Int:  5    God:
Gold:   17         SH:  0    Dex: 11    Spells: 1/1 levels left

rFire   . . .      SeeInvis .    a - +0 trident
rCold   . . .      Faith    .    (no shield)
rNeg    . . .      Spirit   .    b - +0 leather armour
rPois   .          Reflect  .    c - +0 hat
rElec   .          Harm     .    (no cloak)
rCorr   .          Rampage  .    (no gloves)
Will    .....                    (no boots)
Stlth   +.........               (no amulet)
HPRegen 0.24/turn                (no ring)
MPRegen 0.07/turn                (no ring)

@: no status effects
A: horns 2, retaliatory headbutt
a: no special abilities


You were on level 1 of the Dungeon.
You visited 1 branch of the dungeon, and saw 1 of its levels.

You collected 17 gold pieces.

Inventory:

Hand Weapons
 a - a +0 trident (weapon)
Missiles
 d - 3 throwing nets (quivered)
 e - a javelin
Armour
 b - a +0 leather armour (worn)
 c - a +0 hat (worn)
Scrolls
 f - a scroll of fog {unknown}


   Skills:
 + Level 2.6 Fighting
 + Level 4.4 Polearms
 + Level 2.0 Throwing
 + Level 0.1 Armour
 + Level 3.7 Dodging


You had one spell level left.
You didn't know any spells.
Your spell library contained the following spells:

 Spells                   Type           Power      Damage    Failure   Level
 Summon Small Mammal      Summ           0%         N/A       54%         1
 Call Canine Familiar     Summ           0%         N/A       88%         3
 Summon Guardian Golem    Hex/Summ       0%         N/A       88%         3
 Malign Gateway           Summ/Tloc      0%         N/A       100%        7
 Summon Horrible Things   Summ           0%         N/A       100%        8


Dungeon Overview and Level Annotations

Branches:
Dungeon (1/15)

Altars:


Innate Abilities, Weirdness & Mutations

You have a pair of horns on your head.
You reflexively headbutt those who attack you in melee.


Message History

Your punch misses the frilled lizard.
The frilled lizard is heavily wounded.
A hobgoblin comes into view.
The frilled lizard closely misses you.
A rat comes into view.
You barely miss the frilled lizard.
The frilled lizard is heavily wounded.
The frilled lizard closely misses you.
You puncture the frilled lizard!
You kill the frilled lizard!
The hobgoblin hits you.
You hit the rat but do no damage.
The hobgoblin hits you but does no damage.
The rat bites you.
Unknown command.
You barely miss the rat. The rat bites you. The hobgoblin hits you.
You closely miss the rat. The rat bites you. The hobgoblin barely misses you.
The hobgoblin hits you. The rat bites you.
You hit the rat.
The rat is moderately wounded.
The hobgoblin hits you. The hobgoblin barely misses you. The rat bites you.
* * * LOW HITPOINT WARNING * * *
Unknown command.
Sorry, you're not good enough to have a special ability.
The rat barely misses you.
You see here a scroll labelled ROASENANUE.
The hobgoblin attacks as you move away! The hobgoblin barely misses you.
The rat attacks as you move away! The rat closely misses you.
You furiously retaliate!
You headbutt the rat.
You kill the rat!
A bat comes into view.
The hobgoblin hits you.
* * * LOW HITPOINT WARNING * * *
Found a pair of boots and 15 gold pieces.
The hobgoblin attacks as you move away! The hobgoblin closely misses you.
Found 11 gold pieces.
The bat hits you.
* * * LOW HITPOINT WARNING * * *
You closely miss the hobgoblin. The bat hits you but does no damage.
The hobgoblin hits you.
You die...

....... ........ $....
.......###[....
...^#......... . ...
......... ... ##.#
......... #####...
#..###.......#
≈≈≈≈#....##.?.r#.b.....#
≈≈≈≈#.......†?gg@.......
≈≈≈≈#....#..$.##.......$
~≈≈≈#[...###..#.........
~~≈≈#......#.##.........
~~≈≈#.......#......#.###
~~≈≈#........†.###.#.#
≈≈≈≈#.........)..#.# #
≈≈≈≈#.##..............
≈≈≈≈# #..............
#.........


You could see 2 hobgoblins, a bat and a rat.

Vanquished Creatures
  A dart slug (D:1)
  A goblin (D:1)
  3 hobgoblins (D:1)
  5 jackals (D:1)
  5 ball pythons (D:1)
  3 frilled lizards (D:1)
  2 kobolds (D:1)
  3 rats (D:1)
23 creatures vanquished.

Notes
Turn   | Place    | Note
-------+----------+-------------------------------------------
     0 | D:1      | Schnaeble the Minotaur Gladiator began the quest for the
                  | Orb.
     0 | D:1      | Reached XP level 1. HP: 18/18 MP: 0/0
    69 | D:1      | Reached XP level 2. HP: 24/25 MP: 1/1
    85 | D:1      | Reached skill level 4 in Polearms
   217 | D:1      | Slain by a hobgoblin

Illustrated notes

Levels and vault maps discovered:
D:1:      zaba_arrival_water, layout_basic, minmay_pentomino_z4

Skill      XL: |  1  2 |
---------------+-------+-----
Polearms       | 4 |  4.4
Fighting       | |  2.6
Throwing       | |  2.0
Armour         | |  0.1
Dodging        | |  3.7

Action                   || total
-------------------------++-------
Melee: Trident           ||    48
       Headbutt          ||     4
Armor: Leather armour    ||    11
Dodge: Dodged            ||    48

Table legend: (Time is in decaauts)
 A = Elapsed time spent in this place.
 B = Non-inter-level travel time spent in this place.
 C = Inter-level travel time spent in this place.
 D = Time resting spent in this place.
 E = Time spent auto-exploring this place.
 F = Levels seen in this place.
 G = Mean time per level.
                   A        B        C        D        E       F      G
               +--------+--------+--------+--------+--------+-----+--------+
         Total |    228 |    228 |      0 |      0 |     66 |   1 |  228.0 |
       Dungeon |    228 |    228 |      0 |      0 |     66 |   1 |  228.0 |
               +--------+--------+--------+--------+--------+-----+--------+

Top non-repeatable levels by time:
     D:1: 228 daAuts
